 Dungeon Crawl Stone Soup version 0.20.1-1-g8b1a95d (webtiles) character file.

4267 Jazqa the Fighter (level 10, -14/96 HPs)
             Began as a Deep Dwarf Artificer on Oct 30, 2017.
             Was an Initiate of Makhleb.
             Demolished by a gargoyle
             ... wielding a +0 flail
              (17 damage)
             ... on level 8 of the Dungeon.
             The game lasted 00:23:29 (8069 turns).

Jazqa the Fighter (Deep Dwarf Artificer)            Turns: 8069, Time: 00:23:29

Health: -14/96     AC:  7    Str: 17    XL:     10   Next: 10%
Magic:  6/6        EV: 16    Int: 11    God:    Makhleb [......]
Gold:   307        SH:  0    Dex: 16    Spells: 9/9 levels left

rFire    . . .     SeeInvis .   E - +2 dagger (venom)
rCold    . . .     Gourm    +   (no shield)
rNeg     . . .     Faith    .   b - +0 leather armour
rPois    .         Spirit   .   (no helmet)
rElec    .         Reflect  .   j - +0 cloak
rCorr    .         Harm     .   (no gloves)
MR       +....                  t - +1 pair of boots
Stlth    +++.......             y - amulet of the gourmand
Regen    0.0/turn               O - +1 ring of protection
MPRegen  0.1/turn               (no ring)

@: non-regenerating
A: damage resistance, heal wounds, sense surroundings 2, no regeneration
a: Heal Wounds, Renounce Religion


You were on level 8 of the Dungeon.
You worshipped Makhleb.
Makhleb was noncommittal.
You were completely stuffed.

You visited 2 branches of the dungeon, and saw 9 of its levels.

You collected 307 gold pieces.


Innate Abilities, Weirdness & Mutations

You are resistant to damage.
You can heal yourself by infusing magical energy.
You passively map the area around you.
You do not regenerate.


   Skills:
 + Level 8.2 Fighting
 + Level 7.8 Short Blades
 - Level 6.5 Dodging
 + Level 5.4 Stealth
 - Level 4.0 Invocations
 - Level 5.0 Evocations


You had 9 spell levels left.
You didn't know any spells.

Inventory:

Hand Weapons
 E - a +2 dagger of venom (weapon)
Missiles
 w - a throwing net {=f}
Armour
 b - a +0 leather armour (worn)
 j - a +0 cloak (worn)
 t - a +1 pair of boots (worn)
Jewellery
 e - an uncursed amulet of harm {unknown}
 y - an amulet of the gourmand (around neck)
 O - a +1 ring of protection (left hand)
Wands
 c - a wand of flame (14/48)
 g - a wand of disintegration (12/24)
 h - a wand of paralysis (15/24)
 z - a wand of confusion (9/48)
 F - a wand of confusion (21/48)
 H - a wand of flame (1/48)
Scrolls
 a - a scroll of vulnerability {unknown}
 i - 2 scrolls of remove curse {@r2}
 k - a scroll of teleportation {@r4}
 m - 2 scrolls of blinking
 n - a scroll of magic mapping
 p - a scroll of enchant weapon
 B - 4 scrolls of identify {@r1}
Potions
 o - 2 potions of lignification {!q}
 q - a potion of agility
 r - 3 potions of heal wounds {@q2}
 u - 5 potions of curing {@q1}
 v - 2 potions of resistance
 x - a potion of flight
Books
 C - a book of Misfortune

   Spells                             Type                      Level
   a - Confusing Touch                Hexes                        1
   b - Confuse                        Hexes                        3
   c - Gell's Gravitas                Translocation                3
   d - Petrify                        Transmutation/Earth          4
   e - Metabolic Englaciation         Hexes/Ice                    5
   f - Yara's Violent Unravelling     Hexes/Transmutation          5
 D - a book of Flames

   Spells                             Type                      Level
   a - Flame Tongue                   Conjuration/Fire             1
   b - Throw Flame                    Conjuration/Fire             2
   c - Conjure Flame                  Conjuration/Fire             3
   d - Inner Flame                    Hexes/Fire                   3
   e - Sticky Flame                   Conjuration/Fire             4
   f - Fireball                       Conjuration/Fire             5
 G - a book of Air

   Spells                             Type                      Level
   a - Shock                          Conjuration/Air              1
   b - Swiftness                      Charms/Air                   2
   c - Static Discharge               Conjuration/Air              3
   d - Airstrike                      Air                          4
   e - Lightning Bolt                 Conjuration/Air              5
Comestibles
 d - 5 chunks of flesh
 f - 6 bread rations {@e1}
 l - 2 royal jellies {@e3}
 s - 6 fruits {@e2}
 A - 2 meat rations {@e1}

Dungeon Overview and Level Annotations

Branches:
Dungeon (8/15)             Temple (1/1) D:6
   Lair: D:8-11

Altars:
Ashenzari
Cheibriados
Dithmenos
Elyvilon
Gozag
Hepliaklqana
Kikubaaqudgha
Makhleb
Nemelex Xobeh
Okawaru
Qazlal
Ru
Trog
Uskayaw
Xom
Yredelemnul
Zin
The Shining One

Shops:
D:4 %   D:8 }

Annotations:
D:3 Grinder

* *
#...##........###..##
* , *
#...##............##
, #.....#############
, #.....# ###...# **
,, #...#
#...########### , ,,
*#...#.........### *
, ,, ,
+.@9.▒▒▒......'.# ,
** #..▒▒▒ ▒▒▒....#.#
*, , ,* #..▒,
▒....#.# * , #..▒
*▒....#.# , ,* **
###▒ , ▒....#.# , , ,
* ▒.....#.# , *
,...<####.# , , , , ,
, #####* #.#* , ,* ,
... ,


You could see a gargoyle.


Message History

The gargoyle completely misses you.
You hit the gargoyle but do no damage.
The gargoyle is moderately damaged.
You hit the gargoyle but do no damage.
The gargoyle is moderately damaged.
The gargoyle hurls a stone arrow at you.
The stone arrow hits you!
* * * LOW HITPOINT WARNING * * *
The gargoyle hits you with a flail!
* * * LOW HITPOINT WARNING * * *
The gargoyle barely misses you. The gargoyle barely misses you.
The gargoyle hurls a stone arrow at you.
The stone arrow misses you. The gargoyle misses you.
The gargoyle hurls a stone arrow at you.
The stone arrow misses you. The gargoyle barely misses you.
The gargoyle hurls a stone arrow at you.
The stone arrow hits you!
* * * LOW HITPOINT WARNING * * *
The gargoyle hits you with a flail!
* * * LOW HITPOINT WARNING * * *
The gargoyle completely misses you.
You feel a little less agile now.
The gargoyle hits you but does no damage.
The gargoyle barely misses you. The gargoyle misses you.
The gargoyle hits you with a flail!!
You die...

Skill      XL: |  1  2  3  4  5  6  7  8  9 |
---------------+----------------------------+-----
Fighting       | 1 2 3 4 5 6 8 |  8.2
Short Blades   | 1 2 3 4 5 6 7 |  7.8
Stealth        | 2 5 |  5.4
Dodging        | 3 4 6 |  6.5
Invocations    | 4 |  4.0
Evocations     | 5 |  5.0

Action                   |  1- 3 |  4- 6 |  7- 9 | 10-12 || total
-------------------------+-------+-------+-------+-------++-------
Melee: Short sword       |   140 |   208 |    12 |       ||   360
       Dagger            |       |       |   570 |   106 ||   676
Invok: Lesser Healing    |       |       |     7 |       ||     7
 Abil: Heal Wounds       |     1 |     5 |    23 |     9 ||    38
Evoke: Wand              |    11 |    29 |    25 |    12 ||    77
  Use: Scroll            |     2 |     5 |    14 |       ||    21
       Potion            |       |       |     4 |     1 ||     5
 Stab: Sleeping          |     1 |     1 |     2 |     1 ||     5
  Eat: Chunk             |     1 |    18 |    15 |     9 ||    43
       Meat ration       |       |       |     1 |       ||     1
       Royal jelly       |       |       |     1 |       ||     1
Armor: Leather armour    |    56 |    72 |    97 |     7 ||   232
       Skin              |       |       |     9 |       ||     9
Dodge: Dodged            |   150 |   150 |   296 |    60 ||   656

Vault maps used:
D:1:      saegor_arrival_simple_f, grunt_decor_arrowhead, minmay_crystal_water
D:2:      uniq_sigmund, uniq_jessica
D:3:      chequers_ecumenical_altar_twisty, uniq_grinder, uniq_robin,
          uniq_natasha
D:4:      serial_shops, nicolae_shop_stone
D:5:      first_bread, serial_co_window_serial, co_window_paths_b,
          co_window_paths_b, co_window_of_opportunity_a,
          co_window_of_opportunity_a, co_window_corner_a,
          co_window_of_opportunity_a, co_window_paths_c, co_window_2corner,
          co_window_corner_b, co_window_broadway_b, co_window_corner_ca,
          co_window_4corner_b, co_window_4corner_a, glass_columns_b,
          glass_columns_a, glass_columns_a, glass_columns_a, glass_columns_c
D:6:      kennysheep_mini_moat, minmay_temple_entry_mist,
          minmay_misc_feat_cross, uniq_duvessa
D:7:      kennysheep_little_box, minitemple, grunt_ogre_cave, uniq_menkaure
D:8:      slow_altar_1, gammafunk_temple_overflow_statue,
          grunt_lair_entry_orc_guard_hut, serial_shops, shop_fountains,
          minmay_misc_feat_chi, kennysheep_cross_bottleneck, grunt_ministairs_1,
          minivault_1
Temple:   minmay_temple_forest_path

Notes
Turn   | Place    | Note
-------+----------+-------------------------------------------
     0 | D:1      | Jazqa the Deep Dwarf Artificer began the quest for the Orb.
     0 | D:1      | Reached XP level 1. HP: 16/16 MP: 3/3
     7 | D:1      | Reached skill level 1 in Fighting
     7 | D:1      | Reached skill level 1 in Short Blades
   141 | D:1      | Reached XP level 2. HP: 16/25 MP: 5/5
   583 | D:1      | Reached skill level 2 in Fighting
   978 | D:2      | Reached XP level 3. HP: 26/32 MP: 6/6
   995 | D:2      | Noticed Jessica
  1000 | D:2      | Killed Jessica
  1000 | D:2      | Reached skill level 2 in Short Blades
  1018 | D:2      | Reached XP level 4. HP: 30/40 MP: 7/7
  1325 | D:2      | Noticed Sigmund
  1330 | D:2      | Killed Sigmund
  1330 | D:2      | Reached skill level 3 in Fighting
  1330 | D:2      | Reached skill level 3 in Short Blades
  1330 | D:2      | Reached XP level 5. HP: 36/50 MP: 8/8
  1516 | D:3      | Noticed Natasha
  1517 | D:3      | Killed Natasha
  1517 | D:3      | Reached skill level 4 in Fighting
  1517 | D:3      | Reached XP level 6. HP: 39/57 MP: 9/9
  1650 | D:3      | Reached skill level 2 in Stealth
  1722 | D:3      | Noticed Natasha
  1738 | D:3      | Killed Natasha
  1784 | D:3      | Reached skill level 4 in Short Blades
  2138 | D:3      | Noticed Grinder
  2367 | D:3      | Paralysed by Grinder for 3 turns
  2445 | D:3      | Noticed Natasha
  2485 | D:3      | Killed Natasha
  2536 | D:4      | Reached skill level 3 in Dodging
  2576 | D:4      | Reached XP level 7. HP: 37/66 MP: 9/9
  2751 | D:4      | Found Opuirr's Food Shop.
  3019 | D:4      | Reached skill level 5 in Fighting
  3647 | D:5      | Entered Level 5 of the Dungeon
  3668 | D:4      | Reached skill level 4 in Dodging
  3712 | D:4      | Reached skill level 5 in Short Blades
  4105 | D:5      | Reached XP level 8. HP: 43/75 MP: 10/10
  4255 | D:5      | Reached skill level 5 in Dodging
  5055 | D:6      | Reached skill level 6 in Fighting
  5194 | D:6      | Identified 2 potions of resistance
  5258 | D:6      | Found a staircase to the Ecumenical Temple.
  5271 | Temple   | Entered the Ecumenical Temple
  5642 | Temple   | Became a worshipper of Elyvilon the Healer
  5785 | D:6      | Reached skill level 6 in Short Blades
  5794 | D:6      | Noticed Dowan
  5798 | D:6      | Noticed Duvessa
  5815 | D:6      | Killed Dowan
  5815 | D:6      | Reached skill level 6 in Dodging
  5828 | D:6      | Killed Duvessa
  5972 | D:6      | Found a hazy altar of Hepliaklqana.
  6092 | D:6      | Gained mutation: You passively map the area around you. [Deep Dwarf growth]
  6092 | D:6      | Reached XP level 9. HP: 71/85 MP: 9/9
  6263 | D:7      | Reached skill level 1 in Invocations
  6628 | D:7      | Reached * piety under Elyvilon
  6646 | D:7      | Reached skill level 3 in Stealth
  6677 | D:7      | Reached skill level 2 in Invocations
  6683 | D:7      | Reached skill level 7 in Fighting
  6757 | D:7      | Reached skill level 5 in Evocations
  6784 | D:7      | Found a burning altar of Makhleb.
  6791 | D:7      | Found a bloodstained altar of Trog.
  6796 | D:7      | Found a glowing silver altar of Zin.
  6847 | D:7      | Fell from the grace of Elyvilon
  6847 | D:7      | Became a worshipper of Makhleb the Destroyer
  6871 | D:7      | Noticed Menkaure
  6905 | D:7      | Killed Menkaure
  6905 | D:7      | Reached skill level 3 in Invocations
  6988 | D:7      | Reached skill level 7 in Short Blades
  7037 | D:7      | Reached skill level 4 in Invocations
  7205 | D:7      | Found a shimmering altar of Xom.
  7628 | D:8      | Found Paepp's Gadget Shoppe.
  7662 | D:8      | Reached skill level 4 in Stealth
  7702 | D:8      | Noticed a two-headed ogre
  7738 | D:8      | Killed a two-headed ogre
  7738 | D:8      | Reached skill level 8 in Fighting
  7738 | D:8      | Reached skill level 5 in Stealth
  7738 | D:8      | Reached XP level 10. HP: 51/96 MP: 9/9
  7888 | D:8      | Found a snail-covered altar of Cheibriados.
  7951 | D:8      | Noticed a gargoyle
  8063 | D:8      | HP: 3/96 [gargoyle/flail (10)]
  8069 | D:8      | Demolished by a gargoyle

Vanquished Creatures
  A two-headed ogre (D:8)
  Sigmund (D:2)
  A hungry ghost (D:7)
  Menkaure (D:7)
  Duvessa (D:6)
  3 orc warriors
  2 black bears
  2 phantoms (D:7)
  2 ice beasts
  5 ogres
  3 centaurs
  A crocodile (D:7)
  4 bullfrogs
  A wyvern zombie (D:6)
  3 scorpions
  Dowan (D:6)
  3 howler monkeys
  An electric eel (D:8)
  A crimson imp (D:5)
  4 jellies
  2 hounds
  8 orc priests
  5 orc wizards
  Jessica (D:2)
  3 bullfrog skeletons
  3 iguanas
  Natasha (twice) (D:3)
  A killer bee zombie (D:5)
  A worker ant (D:4)
  A mummy (D:8)
  12 gnolls
  7 adders
  A shadow imp (D:6)
  An ooze (D:4)
  3 worms
  3 dart slugs
  3 leopard geckos
  23 orcs
  3 ball pythons
  6 giant cockroaches
  6 hobgoblins
  7 jackals
  6 kobolds
  5 quokkas
  9 bats
  3 frilled lizards
  3 goblins
  2 rats (D:2)
171 creatures vanquished.

Vanquished Creatures (collateral kills)
  2 orc wizards
  Natasha (D:3)
  A leopard gecko (D:7)
  5 orcs (D:4)
  A hobgoblin (D:2)
  A jackal (D:4)
  A frilled lizard (D:4)
12 creatures vanquished.

Vanquished Creatures (others)
  A jelly (D:6)
  A gnoll (D:5)
  3 adders
  An adder skeleton (D:6)
  An orc (D:7)
  A jackal (D:1)
  2 fungi (D:8)
  2 plants (D:8)
12 creatures vanquished.

Grand Total: 195 creatures vanquished
